 Dungeon Crawl Stone Soup version 0.27-a0-1065-ge809cff456 (webtiles) character file.

Game seed: 17038416785984398877

1148 tardwrangler69 the Digger (level 8, 0/46 HPs)
             Began as an Octopode Earth Elementalist on Apr 23, 2021.
             Slain by a sky beast (6 damage)
             ... on level 5 of the Dungeon.
             The game lasted 00:04:40 (5945 turns).

tardwrangler69 the Digger (OpEE)                    Turns: 5945, Time: 00:04:41

Health: 0/46       AC:  1    Str:  7    XL:     8   Next: 38%
Magic:  12/15      EV: 13    Int: 26    God:
Gold:   238        SH:  5    Dex: 12    Spells: 7/16 levels left

rFire    . . .     SeeInvis .   d - +0 whip (elec)
rCold    . . .     Faith    .   i - +0 buckler
rNeg     . . .     Spirit   .   (helmet restricted)
rPois    .         Reflect  .   (no amulet)
rElec    .         Harm     .   l - +6 ring of intelligence
rCorr    .         Rampage  .   (no ring)
Will     .....                  (no ring)
Stlth    +++.......             (no ring)
HPRegen  0.15/turn              (no ring)
MPRegen  0.14/turn              (no ring)
                                (no ring)
                                (no ring)

@: no status effects
A: almost no armour, amphibious, 8 rings, camouflage 1, gelatinous body 1,
(nimble swimmer 1), tentacles
a: no special abilities


You were on level 5 of the Dungeon.
You visited 1 branch of the dungeon, and saw 5 of its levels.

You collected 238 gold pieces.

Inventory:

Hand Weapons
 d - a +0 whip of electrocution (weapon)
 p - a +0 rapier
 q - a +0 club
Missiles
 b - 111 stones
Armour
 i - a +0 buckler (worn)
Jewellery
 l - a +6 ring of intelligence (left tentacle)
 u - an amulet of reflection
Wands
 r - a wand of mindburst (8)
Scrolls
 c - 6 scrolls of teleportation {unknown}
 e - a scroll of magic mapping {unknown}
 h - 4 scrolls of identify {unknown}
 j - a scroll of enchant weapon {unknown}
 k - a scroll of summoning {unknown}
 n - 3 scrolls of amnesia {unknown}
Potions
 a - a potion of magic {unknown}
 f - a potion of mutation {unknown}
 g - a potion of curing {unknown}
 m - a potion of heal wounds {unknown}
 o - 3 potions of brilliance {unknown}
 s - a potion of haste {unknown}
 t - a potion of might {unknown}


   Skills:
 - Level 2.0 Dodging
 - Level 2.6 Stealth
 + Level 3.8 Shields
 + Level 4.7 Spellcasting
 + Level 2.2 Conjurations
 - Level 1.0 Transmutations
 * Level 7.4 Earth Magic


You had 7 spell levels left.
You knew the following spells:

 Your Spells              Type           Power      Damage    Failure   Level
a - Sandblast             Erth           90%        2d19      1%          1
b - Stone Arrow           Conj/Erth      62%        3d10      3%          3
c - Lee's Rapid Deconstr  Erth           22%        3d14*     10%         5

Your spell library contained the following spells:

 Spells                   Type           Power      Damage    Failure   Level
 Passwall                 Tmut/Erth      23%        N/A       1%          2
 Beastly Appendage        Tmut           22%        N/A       5%          1
 Animate Skeleton         Necr           12%        N/A       8%          1
 Apportation              Tloc           12%        N/A       8%          1
 Corona                   Hex            6%         N/A       8%          1
 Summon Small Mammal      Summ           24%        N/A       8%          1
 Wereblood                Tmut           11%        N/A       8%          2
 Petrify                  Tmut/Erth      28%        N/A       14%         4
 Spider Form              Tmut/Pois      4%         N/A       19%         3
 Ice Form                 Ice/Tmut       8%         N/A       54%         4
 Hydra Form               Tmut           5%         N/A       82%         5


Dungeon Overview and Level Annotations

Branches:
Dungeon (5/15)
 Temple: D:4-7

Altars:
Nemelex Xobeh
Uskayaw
Wu Jian

Annotations:
D:2 Terence
D:3 3 runed translucent doors, Shayle's ghost, amateur DjDe


Innate Abilities, Weirdness & Mutations

You cannot wear most types of armour.
You are amphibious.
You can wear up to eight rings at the same time.
Your skin changes colour to match your surroundings (Stealth+).
Your rubbery body absorbs attacks. (AC +1, EV +1)
((You are camouflaged near water. (Stealth+)))
You have tentacles for arms and can constrict up to eight enemies at once.


Message History

Things that are here:
a +0 shortbow; 22 arrows The sky beast flickers out of sight!
Deactivating autopickup; reactivate with Ctrl-A.
Casting: Sandblast (safe; 1% risk of failure)
Confirm with . or Enter, or press ? or * to list all spells.
You can't see any susceptible monsters within range! (Use Z to cast anyway.)
Casting: Sandblast (safe; 1% risk of failure)
Confirm with . or Enter, or press ? or * to list all spells.
Aiming: Sandblast (safe; 1% risk of failure)
Press: ? - help, Shift-Dir - straight line
Casting: Sandblast (safe; 1% risk of failure)
Confirm with . or Enter, or press ? or * to list all spells.
Aiming: Sandblast (safe; 1% risk of failure)
Press: ? - help, Shift-Dir - straight line Something hits you.
Something shocks you.
Casting: Sandblast (safe; 1% risk of failure)
Confirm with . or Enter, or press ? or * to list all spells.
Aiming: Sandblast (safe; 1% risk of failure)
Press: ? - help, Shift-Dir - straight line The blast of sand hits something!!
Something hits you. Something shocks you.
Unknown command.
Something hits you. Something shocks you. You block something's attack.
Casting: Sandblast (safe; 1% risk of failure)
Confirm with . or Enter, or press ? or * to list all spells.
You don't know that spell.
You miss something. Something hits you. Something shocks you.
Something hits you.
* * * LOW HITPOINT WARNING * * *
Something shocks you.
* * * LOW HITPOINT WARNING * * *
Casting: Sandblast (safe; 1% risk of failure)
Confirm with . or Enter, or press ? or * to list all spells.
Aiming: Sandblast (safe; 1% risk of failure)
Press: ? - help, Shift-Dir - straight line Something hits you.
* * * LOW HITPOINT WARNING * * *
Something shocks you.
You die...

#.###...................#.# #.
#...#####...............#.####.
#.#.#####......................
#.#..............<....#.#.####.
#.#######.............#.#.# #.
#......)............#.#.#.# #.
##############......#.#.#|# #.
#......#.#.#.# #.
#@#.#......#.# ## #)#.#
.....#.# ............... #.#
............... ...............
.......>....... ####...........
#.>........# #..........#


There were no monsters in sight!

Vanquished Creatures
  Eustachio (D:4)
  Menkaure (D:4)
  Edmund (D:5)
  A hornet zombie (D:5)
  An ogre (D:5)
  A necrophage (D:4)
  A centaur (D:5)
  A scorpion (D:5)
  Crazy Yiuf (D:4)
  An orc priest (D:5)
  2 hounds (D:5)
  Ijyb (D:5)
  2 orc wizards
  2 hound skeletons (D:5)
  4 gnolls (D:5)
  6 adders
  3 dart slugs
  10 orcs
  3 endoplasms
  4 giant cockroaches
  4 goblins
  4 hobgoblins
  2 jackals (D:2)
  5 quokkas
  11 ball pythons
  A bat (D:1)
  2 frilled lizards
  7 kobolds
  3 rats
86 creatures vanquished.

Notes
Turn   | Place    | Note
-------+----------+-------------------------------------------
     0 | D:1      | tardwrangler69 the Octopode Earth Elementalist began the
                  | quest for the Orb.
     0 | D:1      | Reached XP level 1. HP: 11/11 MP: 3/3
   524 | D:1      | Reached XP level 2. HP: 17/17 MP: 5/5
   560 | D:1      | Found a faded altar of an unknown god.
  1683 | D:2      | Reached XP level 3. HP: 21/21 MP: 6/6
  2128 | D:2      | Noticed Terence
  2150 | D:2      | Reached skill level 4 in Earth Magic
  2366 | D:2      | Reached XP level 4. HP: 8/27 MP: 6/8
  2372 | D:2      | HP: 1/27 [poisoned by an adder]
  3477 | D:3      | Found a runed translucent gate.
  3477 | D:3      | Found a runed translucent gate.
  3477 | D:3      | Found a runed translucent gate.
  3478 | D:3      | Noticed Shayle's ghost (amateur DjDe)
  3554 | D:3      | Found an ornate altar of the Wu Jian Council.
  3976 | D:4      | Reached XP level 5. HP: 31/31 MP: 7/9
  4132 | D:4      | Noticed Menkaure
  4145 | D:4      | Killed Menkaure
  4146 | D:4      | Reached skill level 1 in Shields
  4146 | D:4      | Reached skill level 5 in Earth Magic
  4146 | D:4      | Reached XP level 6. HP: 20/36 MP: 4/11
  4348 | D:4      | Found a runed translucent door.
  4349 | D:4      | Noticed Crazy Yiuf
  4437 | D:4      | Noticed a necrophage
  4441 | D:4      | Killed a necrophage
  4537 | D:4      | Found a sparkling altar of Nemelex Xobeh.
  4567 | D:4      | Noticed Eustachio
  4585 | D:4      | Killed Eustachio
  4586 | D:4      | Reached skill level 6 in Earth Magic
  4586 | D:4      | Reached XP level 7. HP: 41/41 MP: 8/12
  4920 | D:4      | Killed Crazy Yiuf
  5201 | D:5      | Entered Level 5 of the Dungeon
  5230 | D:5      | Learned a level 3 spell: Stone Arrow
  5236 | D:5      | Learned a level 5 spell: Lee's Rapid Deconstruction
  5306 | D:5      | Found a hide-covered altar of Uskayaw.
  5428 | D:5      | Reached skill level 1 in Conjurations
  5526 | D:5      | Reached skill level 7 in Earth Magic
  5526 | D:5      | Reached XP level 8. HP: 16/46 MP: 6/14
  5639 | D:5      | Noticed Ijyb
  5645 | D:5      | Killed Ijyb
  5845 | D:5      | Noticed Edmund
  5865 | D:5      | Killed Edmund
  5945 | D:5      | Slain by a sky beast

Illustrated notes

Levels and vault maps discovered:
D:1:      amcnicky_arrival_abandoned_market, layout_loops_ring,
          ebering_ecumenical_altar_webs
D:2:      layout_basic, uniq_terence
D:3:      layout_loops_ring, lemuel_crystal_altar, gammafunk_ghost_split
D:4:      layout_basic, nemelex_spade_bored_becter, minmay_misc_feat_tower,
          uniq_eustachio, uniq_crazy_yiuf_cottage, uniq_menkaure
D:5:      layout_basic, lemuel_doored_altar, kiku_gazebo_pond_becter, uniq_ijyb,
          uniq_edmund

Skill      XL: |  1  2  3  4  5  6  7  8 |
---------------+-------------------------+-----
Earth Magic    | 4 5 6 7 |  7.4
Spellcasting   | 3 4 |  4.7
Shields        | 1 2 3 |  3.8
Conjurations   | 1 2 |  2.2
Dodging        | |  2.0
Stealth        | |  2.6
Transmutations | |  1.0

Action                   |  1- 3 |  4- 6 |  7- 9 || total
-------------------------+-------+-------+-------++-------
Melee: Unarmed           |    11 |       |       ||    11
       Dagger            |    61 |    55 |    10 ||   126
       Constrict         |    14 |    16 |     6 ||    36
       Tentacles         |    10 |     7 |     2 ||    19
       Rapier            |       |       |     9 ||     9
       Whip              |       |       |     6 ||     6
 Cast: Sandblast         |     6 |    22 |    45 ||    73
 Stab: Sleeping          |    10 |     7 |       ||    17
Armor: Skin              |     4 |     3 |       ||     7
Dodge: Dodged            |    50 |    30 |    28 ||   108
Block: Buckler           |       |     8 |    12 ||    20

Table legend: (Time is in decaauts)
 A = Elapsed time spent in this place.
 B = Non-inter-level travel time spent in this place.
 C = Inter-level travel time spent in this place.
 D = Time resting spent in this place.
 E = Time spent auto-exploring this place.
 F = Levels seen in this place.
 G = Mean time per level.
                   A        B        C        D        E       F      G
               +--------+--------+--------+--------+--------+-----+--------+
         Total |   5947 |   5790 |    157 |      5 |   5175 |   5 | 1189.4 |
       Dungeon |   5947 |   5790 |    157 |      5 |   5175 |   5 | 1189.4 |
               +--------+--------+--------+--------+--------+-----+--------+

Top non-repeatable levels by time:
     D:2: 1637 daAuts
     D:4: 1276 daAuts
     D:1: 1238 daAuts
     D:3: 1049 daAuts
     D:5: 746 daAuts
